AoeStats
← Cre4ted SnIpZz

Arabia

509950262Analyzed
1v1 RM · 5d ago on Sep 28, 2026· 45m 38s· 2 players
Game mode
Random Map
Map size
Tiny (2 player)
Population
200
Speed
Normal
Resources
Standard
Victory
Conquest
Starting age
Dark Age
Ending age
Imperial Age
RankedLock teamsTeams togetherTeam positionsShared explorationLock speedFull tech treeHidden civsTurbo modeCheats
Victory
Defeat
🇭🇺 Teutons · Hungary
1403
+18
🇩🇪 Spanish · Germany
1450
-18
Oni.The_Viper
5:15 Loom
11:19 Feudal Age
12:52 Double-Bit Axe
12:48 Horse Collar
15:03 Stone Mining
20:10 Castle Age
18:18 Fletching
22:07 Wheelbarrow
23:31 Ballistics
24:21 Hand Cart
23:53 Town Watch
24:33 Heavy Plow
24:47 Bow Saw
25:58 Gold Mining
28:17 Town Patrol
29:13 Masonry
29:42 Scale Barding Armor
29:48 Forging
33:03 Imperial Age
31:02 Chain Barding Armor
31:05 Bloodlines
32:01 Iron Casting
33:07 Cavalier
34:24 Plate Barding Armor
35:21 Blast Furnace
35:16 Crop Rotation
35:47 Two-Man Saw
35:49 Paladin
Cre4ted SnIpZz
8:35 Loom
10:53 Feudal Age
14:50 Castle Age
13:22 Double-Bit Axe
13:42 Horse Collar
15:49 Bow Saw
22:02 Heavy Plow
22:36 Town Watch
24:19 Town Watch
25:32 Town Watch
27:01 Wheelbarrow
29:01 Hand Cart
28:44 Gold Mining
28:54 Stone Mining
34:00 Imperial Age
32:08 Scale Barding Armor
33:08 Forging
33:27 Town Patrol
34:28 Iron Casting
34:22 Bloodlines
34:14 Husbandry
34:07 Cavalier
35:16 Chain Barding Armor
36:32 Blast Furnace
36:08 Conscription
36:59 Plate Barding Armor
36:15 Fletching
36:27 Padded Archer Armor
36:49 Paladin
39:22 Elite Conquistador
41:20 Chemistry
40:41 Ballistics
41:18 Bodkin Arrow
41:40 Leather Archer Armor
42:36 Bracer
42:39 Murder Holes
Connection lost

Rejoining the realm…

Still unreachable

The connection could not be restored.

Session expired

The server has moved on; the page needs a fresh start.